 Dungeon Crawl Stone Soup version 0.30-a0-374-g95c0257040 (webtiles) character file.

Game seed: 10006105088691110389

6101 NinjaNoafa the Thaumaturge (level 10, -5/43 HPs)
             Began as a Felid Summoner on Nov 25, 2022.
             Was an Initiate of Gozag.
             Killed from afar by a swamp worm (19 damage)
             ... with a harpoon shot
             ... on level 2 of the Lair of Beasts.
             The game lasted 00:31:19 (11813 turns).

NinjaNoafa the Thaumaturge (Felid Summoner)        Turns: 11813, Time: 00:31:21

Health: -5/43      AC:  6    Str:  4    XL:     10   Next: 58%
Magic:  9/25       EV: 20    Int: 20    God:    Gozag
Gold:   1163       SH:  0    Dex: 20    Spells: 10/30 levels left
                                        Lives:  0   Deaths: 3

rFire   . . .      SeeInvis +    (weapon unavailable)
rCold   . . .      Faith    .    (shield unavailable)
rNeg    . . .      Spirit   .    (body armour unavailable)
rPois   .          Reflect  .    (helmet unavailable)
rElec   .          Harm     .    (cloak unavailable)
rCorr   .          Rampage  .    (gloves unavailable)
Will    +....                    (boots unavailable)
Stlth   +++.......               (no amulet)
HPRegen 0.27/turn                y - ring of wizardry
MPRegen 0.19/turn                E - +4 ring of protection

@: gold aura, quick
A: very small, claws 1, fangs 3, see invisible, speed 1, shaggy fur 2, stealthy
paws, no weapons or thrown items, no armour, multi-lived, thin skeletal
structure 1
a: Renounce Religion, Potion Petition, Call Merchant, Bribe Branch


You were on level 2 of the Lair of Beasts.
You worshipped Gozag.
Gozag was most pleased with you.
You visited 3 branches of the dungeon, and saw 12 of its levels.

You collected 1445 gold pieces.
You spent 152 gold pieces at shops.
You paid 130 gold pieces to Gozag.

Inventory:

Jewellery
 b - a ring of willpower
 g - a ring of willpower
 p - a ring of protection from fire
 y - a ring of wizardry (left paw)
 E - a +4 ring of protection (right paw)
Wands
 q - a wand of roots (17)
 u - a wand of light (17)
 B - a wand of charming (4)
 D - a wand of flame (2)
Scrolls
 a - 2 scrolls of identify
 d - 4 scrolls of blinking
 e - 2 scrolls of butterflies {unknown}
 h - 4 scrolls of magic mapping {unknown}
 n - a scroll of noise {unknown}
 r - 4 scrolls of teleportation {unknown}
 s - a scroll of summoning {unknown}
 t - 3 scrolls of fear {unknown}
 w - 4 scrolls of amnesia {unknown}
 x - a scroll of immolation {unknown}
 z - a scroll of poison {unknown}
 A - a scroll of vulnerability {unknown}
Potions
 c - a potion of haste
 f - 2 potions of curing
 i - 3 potions of degeneration
 j - a potion of resistance {unknown}
 k - 3 potions of brilliance {unknown}
 l - 3 potions of heal wounds
 m - 6 potions of might
 o - 4 potions of attraction
 v - a potion of invisibility


   Skills:
 - Level 4.3 Fighting
 - Level 4.8 Dodging
 - Level 2.6 Stealth
 + Level 10.6 Spellcasting
 - Level 7.0 Hexes
 - Level 10.0 Summonings
 - Level 7.0 Air Magic


You had 10 spell levels left.
You knew the following spells:

 Your Spells              Type           Power      Damage    Failure   Level
a - Summon Small Mammal   Summ           100%       N/A       1%          1
b - Call Imp              Summ           50%        N/A       1%          2
c - Call Canine Familiar  Summ           50%        N/A       1%          3
d - Summon Guardian Gole  Hex/Summ       44%        N/A       1%          3
e - Summon Lightning Spi  Summ/Air       44%        N/A       1%          4
f - Inner Flame           Hex/Fire       24%        N/A       1%          3
g - Cause Fear            Hex            19%        N/A       1%          4

Your spell library contained the following spells:

 Spells                   Type           Power      Damage    Failure   Level
 Confusing Touch          Hex            38%        N/A       1%          3
 Apportation              Tloc           20%        N/A       2%          1
 Beastly Appendage        Tmut           20%        N/A       2%          1
 Kiss of Death            Conj/Necr      40%        2d8       2%          1
 Blink                    Tloc           20%        N/A       4%          2
 Momentum Strike          Conj/Tloc      20%        3d8       4%          2
 Sublimation of Blood     Necr           10%        N/A       4%          2
 Wereblood                Tmut           10%        N/A       4%          2
 Lesser Beckoning         Tloc           20%        N/A       9%          3
 Ozocubu's Armour         Ice            10%        N/A       9%          3
 Spider Form              Tmut/Pois      10%        N/A       9%          3
 Metabolic Englaciation   Hex/Ice        12%        N/A       17%         5
 Dispel Undead            Necr           10%        3d9       26%         4
 Iskenderun's Mystic Bla  Conj/Tloc      10%        2d4       26%         4
 Alistair's Intoxication  Tmut/Pois      6%         N/A       56%         5
 Death Channel            Necr           5%         N/A       98%         6
 Borgnjor's Revivificati  Necr           5%         N/A       100%        8
 Discord                  Hex            19%        N/A       100%        8
 Simulacrum               Ice/Necr       Unusable   N/A       N/A         6

Dungeon Overview and Level Annotations

Branches:
Dungeon (9/15)             Temple (1/1) D:6            Lair (2/5) D:9
  Swamp: Lair:2-3    Shoals: Lair:2-3     Snake: Lair:2-3    Spider: Lair:2-3
    Orc: D:9-12

Altars:
Ashenzari
Cheibriados
Dithmenos
Elyvilon
Fedhas
Gozag
Hepliaklqana
Kikubaaqudgha
Makhleb
Nemelex Xobeh
Okawaru
Qazlal
Ru
Sif Muna
Trog
Uskayaw
Vehumet
Wu Jian
Xom
Yredelemnul
Zin
The Shining One

Shops:
D:7 *


Innate Abilities, Weirdness & Mutations

You have sharp claws.
You have razor-sharp teeth.
You have supernaturally acute eyesight. (SInv)
You cover ground quickly. (Speed+)
You are covered in thick fur. (AC +2)
Your paws help you pounce on unaware monsters.
You are incapable of wielding weapons or throwing items.
You cannot wear armour.
You gain extra lives every three experience levels.
You have a somewhat thin skeletal structure. (Dex +2, Stealth+)


Message History

The wolf closely misses you. The wolf attacks as you move away!
The wolf barely misses you.
Your wolf barely misses the wolf.
Your lightning spire shoots out a bolt of lightning at the wolf!
The bolt of electricity misses the wolf.
The wolf misses you.
Your wolf completely misses the wolf.
The wolf attacks as you move away! The wolf completely misses you.
The wolf is distracted by your dazzling golden aura.
Your crimson imp hits the wolf.
The swamp worm is no longer distracted by gold.
The wolf is no longer distracted by gold.
The wolf closely misses your crimson imp.
Your wolf bites the wolf!
The wolf bites your guardian golem but does no damage.
The swamp worm fires a harpoon shot at you.
The harpoon shot hits your quokka. The wolf bites your crimson imp.
Your wolf bites the wolf!
The wolf dies!
The wolf bites your guardian golem but does no damage.
The swamp worm fires a harpoon shot at you.
The harpoon shot hits you.
You are yanked forward by the harpoon shot.
A swamp worm comes into view.
The wolf bites your guardian golem but does no damage.
You enter the shallow water.
Moving in this stuff is going to be slow.
Your wolf barely misses the wolf.
The wolf bites your guardian golem.
The swamp worm fires a harpoon shot at you.
The harpoon shot hits you but does no damage.
Your wolf bites the wolf.
The wolf misses your wolf.
Your wolf bites the wolf!
The wolf dies!
Your crimson imp blinks!
Your quokka barely misses the swamp worm.
A harpoon shot appears from out of your range of vision.
The harpoon shot hits your quokka.
Your wolf bites the swamp worm but does no damage.
The swamp worm fires a harpoon shot at you.
The harpoon shot hits you!!
You die...
Your body crumbles into a pile of gold.

................#...#
.#..................#
#......5............##
#............(......#
#........⌠⌠.$.....#
###.....♣..♣......#
##......♣.$....8..#
##......♣♣.9h.$....##
##.......♣~.rw..@....##
.........♣~..~♣$......###
#........♣~$♣~♣.......#.###
.........♣≈..≈♣..PP.....#.
........♣♣♣.♣~♣♣.........#
.......|♣ ♣..≈♣♣.........###
........♣ S..~♣♣...........###
........♣♣~..~♣♣.............####
........♣♣≈♣w~♣♣..............#P#


You could see a swamp worm (ally target), a friendly guardian golem (summoned),
a friendly wolf (summoned, sheltered), a friendly lightning spire (summoned,
sheltered) and a friendly quokka (summoned, sheltered).

Vanquished Creatures
  A cane toad (Lair:1)
  A komodo dragon (Lair:1)
  3 yaks
  A wyvern (Lair:2)
  A swamp worm (Lair:2)
  A scorpion (Lair:1)
  An orc wizard (D:9)
9 creatures vanquished.

Vanquished Creatures (collateral kills)
  The ghost of sirJeffrey23 the Carver, a novice BaFi (D:6)
  2 cane toads (Lair:1)
  A black mamba (Lair:1)
  A rime drake (Lair:2)
  Sigmund (D:4)
  16 yaks
  2 basilisks
  Grum (D:9)
  4 water moccasins
  An orc warrior (D:9)
  2 ice beasts
  A centaur (D:7)
  8 wolves
  A kobold brigand (D:9)
  5 bullfrogs
  A necrophage (D:6)
  A scorpion (D:5)
  A gnoll sergeant (D:7)
  2 killer bees (D:8)
  A howler monkey (D:5)
  2 hounds
  4 jellies
  2 orc priests (D:9)
  3 iguanas
  4 orc wizards
  6 gnolls
  3 adders
  3 white imps
  2 ufetubi
  2 worms
  3 dart slugs
  24 orcs
  4 ball pythons
  9 endoplasms
  A giant cockroach (D:3)
  6 goblins
  2 hobgoblins (D:4)
  11 jackals
  13 kobolds
  5 bats
  3 frilled lizards
  2 rats (D:1)
167 creatures vanquished.

Vanquished Creatures (others)
  A rime drake (Lair:1)
  7 yaks
  A steam dragon (D:7)
  A water moccasin (D:7)
  An orc warrior (D:8)
  A centaur (D:8)
  A bullfrog (D:9)
  2 killer bees (D:8)
  An orc priest (D:8)
  2 orcs (D:8)
  10 fungi
  2 plants
30 creatures vanquished.

Grand Total: 206 creatures vanquished

Notes
Turn   | Place    | Note
-------+----------+-------------------------------------------
     0 | D:1      | NinjaNoafa the Felid Summoner began the quest for the Orb.
     0 | D:1      | Reached XP level 1. HP: 7/7 MP: 4/4
   353 | D:1      | Reached XP level 2. HP: 11/11 MP: 4/6
  1058 | D:2      | Learned a level 2 spell: Call Imp
  1338 | D:2      | Reached XP level 3. HP: 13/14 MP: 2/8
  1615 | D:3      | You fall into a shaft and drop 2 floors!
  1615 | D:5      | Entered Level 5 of the Dungeon
  1620 | D:5      | Learned a level 3 spell: Call Canine Familiar
  1681 | D:5      | Reached skill level 5 in Summonings
  1681 | D:5      | Reached XP level 4. HP: 18/18 MP: 1/10
  1833 | D:5      | Found a bloodstained altar of Trog.
  1945 | D:5      | Found a stormy altar of Qazlal.
  1981 | D:4      | Reached XP level 5. HP: 21/21 MP: 4/11
  3112 | D:3      | Found a glowing silver altar of Zin.
  3442 | D:4      | Gained mutation: You are covered in thick fur. (AC +2)
                  | [Felid growth]
  3442 | D:4      | Reached XP level 6. HP: 24/24 MP: 3/13
  3618 | D:4      | Noticed Sigmund
  3638 | D:4      | Killed Sigmund
  3639 | D:4      | Reached skill level 5 in Spellcasting
  4116 | D:5      | Reached XP level 7. HP: 27/27 MP: 12/15
  4155 | D:5      | Learned a level 3 spell: Summon Guardian Golem
  4734 | D:6      | Found a burning altar of Makhleb.
  5189 | D:6      | Found a staircase to the Ecumenical Temple.
  5214 | Temple   | Entered the Ecumenical Temple
  5302 | Temple   | Became a worshipper of Gozag Ym Sagoz the Greedy
  5469 | D:6      | Found a large runed translucent door.
  5470 | D:6      | Found a large runed translucent door.
  5471 | D:6      | Noticed sirJeffrey23's ghost (novice BaFi)
  5512 | D:6      | Got the Spellbook of Direction and Iniquitous Rituals
  6045 | D:7      | Found a shadowy altar of Dithmenos.
  6287 | D:7      | Reached XP level 8. HP: 11/31 MP: 3/18
  6400 | D:7      | Found Xozuz's Assorted Antiques.
  6415 | D:7      | Bought a scroll labelled SOSSAUNKIS for 19 gold pieces
  6415 | D:7      | Bought a scroll labelled JADARU OMARGHIO for 19 gold pieces
  6415 | D:7      | Bought a scroll labelled ANIPLU NO TAR for 19 gold pieces
  6415 | D:7      | Bought a scroll labelled TEGAIMM MIAQU for 19 gold pieces
  6415 | D:7      | Bought a wooden wand for 76 gold pieces
  6592 | D:7      | Engulfed by a steam dragon's steam
  6593 | D:7      | Reached XP level 7. HP: 0/27 MP: 10/17
  6912 | D:7      | Found an ornate altar of the Wu Jian Council.
  7257 | D:8      | Noticed a yak
  7260 | D:8      | Noticed a yak
  7285 | D:8      | Killed a yak
  7286 | D:8      | Reached XP level 8. HP: 31/31 MP: 16/19
  8127 | D:8      | Learned a level 4 spell: Summon Lightning Spire
  8389 | D:9      | Reached skill level 1 in Hexes
  8483 | D:9      | Reached skill level 1 in Air Magic
  8483 | D:9      | Reached XP level 9. HP: 34/34 MP: 17/22
  8653 | D:9      | Reached skill level 10 in Summonings
  8992 | D:9      | Found a staircase to the Lair.
  9049 | D:9      | Noticed Grum
  9057 | D:9      | HP: 1/34 [wolf[Grum] (3)]
  9058 | D:9      | Mangled by a wolf
  9059 | D:9      | Reached XP level 8. HP: -7/31 MP: 14/22
  9091 | Lair:1   | Entered Level 1 of the Lair of Beasts
  9131 | Lair:1   | Reached skill level 1 in Fighting
  9208 | Lair:1   | Noticed a cane toad
  9287 | Lair:1   | Noticed a black mamba
  9294 | Lair:1   | Killed a black mamba
  9295 | Lair:1   | Reached XP level 9. HP: 37/37 MP: 18/23
  9336 | Lair:1   | Noticed a rime drake
  9351 | Lair:1   | Killed a rime drake
  9352 | Lair:1   | Reached skill level 10 in Spellcasting
  9502 | Lair:1   | Reached skill level 5 in Hexes
  9521 | Lair:1   | Reached skill level 5 in Air Magic
  9522 | Lair:1   | Reached XP level 10. HP: 38/41 MP: 11/25
  9746 | Lair:1   | Noticed a cane toad
  9746 | Lair:1   | Noticed a cane toad
  9761 | Lair:1   | Killed a cane toad
  9767 | Lair:1   | Gained mutation: You have a somewhat thin skeletal
                  | structure. (Dex +2, Stealth+) [potion of mutation]
  9781 | Lair:1   | Slain by a cane toad
  9782 | Lair:1   | Reached XP level 9. HP: -4/37 MP: 22/24
  9848 | D:9      | Killed Grum
  9983 | D:6      | Killed sirJeffrey23's ghost
  9988 | D:6      | Learned a level 3 spell: Inner Flame
  9993 | D:6      | Learned a level 4 spell: Cause Fear
 10354 | Lair:1   | Killed a cane toad
 10363 | Lair:1   | Reached XP level 10. HP: 24/42 MP: 13/25
 10872 | Lair:1   | Killed a cane toad
 11457 | Lair:2   | Noticed a catoblepas
 11813 | Lair:2   | Killed from afar by a swamp worm

Illustrated notes

Levels and vault maps discovered:
D:1:      erik_arrival_orb_chamber, layout_loops_ring, serial_bayou_pond_c
D:2:      layout_basic, amcnicky_mini_rare_corridor_liquid,
          minmay_misc_feat_four_crosses
D:3:      layout_basic, zin_treasury
D:4:      layout_loops_cross, nicolae_concentric_dashed_squares_mild,
          uniq_sigmund
D:5:      layout_loops_ring, nicolae_qazlal_general_emergency,
          mainiacjoe_overflow_24_doors
D:6:      layout_rooms, general_overflow_altar, minmay_temple_entry_waves,
          serial_aquarium, aquarium_bridge_long_joined
          [aquarium_subvault_bridge, aquarium_subvault_bridge,
          aquarium_subvault_bridge, aquarium_subvault_wall,
          aquarium_subvault_balcony, aquarium_subvault_bridge],
          aquarium_bridge_island_small [aquarium_subvault_small_water,
          aquarium_subvault_wall, aquarium_subvault_wall,
          aquarium_subvault_bridge, aquarium_subvault_wall],
          aquarium_window_corridor_2, aquarium_window_corner, aquarium_view_2d,
          aquarium_pool_five, ebering_ghost_disaster_area
D:7:      layout_basic, nzn_wu_jian_council_hall,
          mainiacjoe_overflow_concentric_impassable, serial_shops, shop,
          corexii_leaking_fountain
D:8:      layout_loops_ring
D:9:      layout_big_octagon, lair_entry_dummy, uniq_grum
Temple:   minmay_temple_bridge_d
Lair:1:   layout_hall_layers, serial_bayou_shore_b, grunt_megastairs_2
Lair:2:   layout_hall_layers, nicolae_swamp_entry_splash_gauntlet

Skill      XL: |  1  2  3  4  5  6  7  8  9 10 |
---------------+-------------------------------+-----
Spellcasting   | 3 4 5 7 8 10 | 10.6
Summonings     | 5 6 8 9 10 | 10.0
Hexes          | 1 6 7 |  7.0
Air Magic      | 1 7 6 |  7.0
Fighting       | 2 3 4 |  4.3
Dodging        | 4 |  4.8
Stealth        | |  2.6

Action                   |  1- 3 |  4- 6 |  7- 9 | 10-12 || total
-------------------------+-------+-------+-------+-------++-------
Melee: Unarmed           |       |     9 |     3 |     9 ||    21
       Bite              |       |     1 |       |       ||     1
       Punch             |       |       |     1 |       ||     1
 Cast: Summon Small Mamm |    50 |    60 |    53 |    11 ||   174
       Call Imp          |     6 |    13 |    30 |     7 ||    56
       Call Canine Famil |     2 |    17 |    43 |    14 ||    76
       Summon Guardian G |       |       |    38 |     5 ||    43
       Summon Lightning  |       |       |    15 |     7 ||    22
       Inner Flame       |       |       |     6 |    13 ||    19
       Cause Fear        |       |       |       |     1 ||     1
Evoke: Wand              |       |       |     2 |       ||     2
  Use: Potion            |     1 |       |     1 |     4 ||     6
       Scroll            |       |       |     7 |       ||     7
 Stab: Sleeping          |       |       |     1 |       ||     1
Armor: Skin              |       |     2 |    14 |     5 ||    21
Dodge: Dodged            |     9 |    45 |    87 |    67 ||   208

Table legend: (Time is in decaauts)
 A = Elapsed time spent in this place.
 B = Non-inter-level travel time spent in this place.
 C = Inter-level travel time spent in this place.
 D = Time resting spent in this place.
 E = Time spent auto-exploring this place.
 F = Levels seen in this place.
 G = Mean time per level.
                   A        B        C        D        E       F      G
               +--------+--------+--------+--------+--------+-----+--------+
         Total |  10450 |   9773 |    677 |      0 |   7365 |  12 |  870.8 |
       Dungeon |   8199 |   7656 |    543 |      0 |   5698 |   9 |  911.0 |
        Temple |    178 |    147 |     31 |      0 |    140 |   1 |  178.0 |
          Lair |   2073 |   1971 |    102 |      0 |   1525 |   2 | 1036.5 |
               +--------+--------+--------+--------+--------+-----+--------+

Top non-repeatable levels by time:
  Lair:1: 1722 daAuts
     D:7: 1147 daAuts
     D:5: 1103 daAuts
     D:4: 1018 daAuts
     D:8: 981 daAuts
     D:9: 917 daAuts
     D:1: 916 daAuts
     D:6: 852 daAuts
     D:3: 745 daAuts
     D:2: 516 daAuts
  Lair:2: 351 daAuts
  Temple: 178 daAuts
